cohdb
Replays
Latest Replays
All Replays
Popular Replays
Top Player Replays
Match Explorer
How It Works
Community
CoH3 Stats
Reddit
Sign in to upload your games and track your stats! →
Sign in with Steam
Match 39760428
Unlisted
Match 39760428
Overview
Messages
Build Orders
End
Kettenkrad Recon Vehicle
Construct Infanterie Kompanie
Selects Terror Battlegroup
Selects Machine Gun Camouflage
MG 42 Machine Gun Team
Grenadier Squad
Grenadier Squad
Construct Panzergrenadier Kompanie
Panzergrenadier Squad
Selects Interrogate
Pak 40 Anti-tank Gun Team
Medical Station
Selects Propaganda Leaflet Drop
Construct Panzer Kompanie
Stoßtruppen Squad
Stoßtruppen Squad
Panzer IV Medium Tank
Pioneer Squad
Side Skirts
Selects Defend the Fatherland
Panzer IV Medium Tank
Panzer IV Medium Tank
Stoßtruppen Squad
Selects V1 Rocket Strike
Stoßtruppen Squad
Civilian
Nashorn101
Jonzzy22
Patrick
0
0
Comments
sign in to comment!
No comments posted yet!